 Dungeon Crawl Stone Soup version 0.31-a0-662-g684573625c (webtiles) character file.

Game seed: 10176556068711471347

19233 kae the Destroyer (level 12, -2/70 HPs)
             Began as a Tengu Fire Elementalist on Aug 31, 2023.
             Was a Believer of Vehumet.
             Slain by a catoblepas (15 damage)
             ... on level 2 of the Lair of Beasts.
             The game lasted 00:13:59 (13596 turns).

kae the Destroyer (Tengu Fire Elementalist)        Turns: 13596, Time: 00:14:00

Health: -2/70      AC:  2    Str: 11    XL:     12   Next: 66%
Magic:  0/34       EV: 11    Int: 22    God:    Vehumet [**....]
Gold:   1456       SH:  0    Dex: 14    Spells: 12/28 levels left

rFire   + . .        g - staff of conjuration {!a}
rCold   . . .        (no shield)
rNeg    . . .        w - +0 robe of Aranisit {rC+ Str+3 Slay+3}
rPois   .            D - +0 hat
rElec   .            (no cloak)
rCorr   .            (no gloves)
SInv    .            (boots unavailable)
Will    .....        G - amulet of guardian spirit
Stlth   ++           W - ring of magical power
HPRegen 0.31/turn    F - ring of fire
MPRegen 0.24/turn

%: acrobat, guardian spirit
@: petrifying (expiring), flying, studying Maces & Flails, very slow
A: beak, talons 3, evasive flight, acrobatic
a: Renounce Religion


You were on level 2 of the Lair of Beasts.
You worshipped Vehumet.
Vehumet was pleased with you.
You visited 3 branches of the dungeon, and saw 13 of its levels.

You collected 1456 gold pieces.


Innate Abilities, Weirdness & Mutations

You have a beak for a mouth.
You have claws for feet.
Your magical flight helps you evade attacks. (EV +4)
You can magically evade attacks while moving or waiting.


   Skills:
 - Level 6.1 Fighting
 - Level 5.0 Staves
 - Level 3.0 Armour
 - Level 5.0 Dodging
 - Level 2.0 Stealth
 + Level 8.8 Spellcasting
 + Level 13.4 Conjurations
 - Level 3.0 Hexes
 + Level 11.6 Fire Magic
 - Level 5.0 Evocations


You had 12 spell levels left.
You knew the following spells:

 Your Spells              Type           Power      Damage    Failure   Level
a - Foxfire               Conj/Fire      100%       2x1d9     1%          1
b - Scorch                Fire           100%       2d9       1%          2
c - Inner Flame           Hex/Fire       58%        N/A       1%          3
d - Flame Wave            Conj/Fire      98%        2d20      1%          4
e - Starburst             Conj/Fire      49%        6d13      6%          6

Your spell library contained the following spells:

 Spells                   Type           Power      Damage    Failure   Level
 Searing Ray              Conj           100%       2d8       1%          2
 Dazzling Flash           Conj/Hex       100%       N/A       1%          3
 Hailstorm                Conj/Ice       56%        3d12      1%          3
 Volatile Blastmotes      Fire/Tloc      100%       2d18      1%          3
 Fireball                 Conj/Fire      49%        3d19      1%          5
 Iskenderun's Battlesphe  Conj           80%        2d13      1%          5
 Freeze                   Ice            36%        1d5       7%          1
 Frozen Ramparts          Ice            18%        1d3       21%         3
 Orb of Destruction       Conj           40%        9d11      22%         7
 Conjure Ball Lightning   Conj/Air       28%        3x3d8     54%         6
 Maxwell's Capacitive Co  Air            4%         ∞         100%        8
 Chain Lightning          Conj/Air       28%        3d37      100%        9
 Fire Storm               Conj/Fire      49%        8d12      100%        9
 Shatter                  Erth           4%         3d8*      100%        9

Inventory:

Missiles
 d - a curare-tipped dart {=f}
 e - a throwing net {=f!f}
 h - 102 stones
 i - 8 poisoned darts
 t - 3 boomerangs
Armour
 a - a +0 robe
 w - the +0 robe of Aranisit (worn) {rC+ Str+3 Slay+3}
   (You found it on level 9 of the Dungeon)

   Str+3:     It affects your strength (+3).
   Slay+3:    It affects your accuracy & damage with ranged weapons and melee
   (+3).
   rC+:       It protects you from cold.
 D - a +0 hat (worn)
   (You found it on level 2 of the Lair of Beasts)
Magical Staves
 g - a staff of conjuration (weapon) {!a}
   (You found it on level 1 of the Dungeon)
Jewellery
 C - a ring of ice
   (You found it on level 6 of the Dungeon)
 F - a ring of fire (right hand)
   (You found it on level 5 of the Dungeon)
 G - an amulet of guardian spirit (around neck)
   (You found it on level 4 of the Dungeon)
 O - a +4 ring of protection
   (You found it on level 1 of the Lair of Beasts)
 W - a ring of magical power (left hand)
   (You found it on level 4 of the Dungeon)
Wands
 c - a wand of polymorph (10)
   (You found it on level 3 of the Dungeon)
 j - a wand of roots (7)
   (You found it on level 9 of the Dungeon)
 k - a wand of light (5)
   (You found it on level 2 of the Dungeon)
 s - a wand of digging (7)
   (You found it on level 9 of the Dungeon)
 x - a wand of paralysis (6)
   (You found it on level 10 of the Dungeon)
 y - a wand of flame (13)
   (You found it on level 10 of the Dungeon)
Scrolls
 l - a scroll of fog
 n - 3 scrolls of revelation
 p - a scroll of teleportation {@r4}
 q - a scroll of immolation {!r!r}
 r - 2 scrolls of identify {@r1}
 z - 2 scrolls of fear
Potions
 b - a potion of magic
 f - a potion of lignification {!q}
 m - 4 potions of mutation {!q}
 o - 4 potions of curing {@q1}
 u - 2 potions of invisibility
 v - a potion of berserk rage {!q}
 A - 2 potions of haste {@q3}
 B - a potion of attraction {!q}
 E - a potion of might

Dungeon Overview and Level Annotations

Branches:
Dungeon (10/15) Zot: 25267  Temple (1/1) D:7 Zot: 5883    Lair (2/5) D:8 Zot: 10093
  Swamp (0/4) Lair:2          Orc (0/2) D:9
  Snake: Lair:2-3    Spider: Lair:2-3

Altars:
Ashenzari
Cheibriados
Dithmenos
Elyvilon
Fedhas
Gozag
Hepliaklqana
Kikubaaqudgha
Makhleb
Nemelex Xobeh
Okawaru
Qazlal
Ru
Sif Muna
Trog
Uskayaw
Vehumet
Wu Jian
Xom
Yredelemnul
Zin
The Shining One

Shops:
D:6 (*:=:

Annotations:
D:5 exclusion: 2 yaks
Lair:1 exclusion: 2 death yaks

...............### ....
...............#P###....
##†..........#.P........
#.†....†................
##..†.............##...#
##..#.........#.#.†......
####.#...#.#.....###..#.##..
#.#÷÷#.....§§§§§§v†..†.##
...÷............@Y†...#....
.†.÷....#........F...!#...#
<##....#..#...###...### ..#
†###..........#####.+ ....
.†...............P..# ..⌠
.#..........).......+
.#...................
.#P..................
....P................


You could see a catoblepas (ally target) and a bullfrog.


Message History

The water moccasin misses you. 😮 HP[-10] MP[-4]
You take 10 damage, and now have 51/70 hp.
You lost 4 mp, and now have 20/34 mp.
Casting: Foxfire (safe; 1% risk of failure)
Confirm with . or Enter, or press ? or * to list all spells.
Casting: Flame Wave (safe; 1% risk of failure)
Press: ? - help, Dir - look around, f - activate You feel a strong surge of power!
A wave of flame ripples out!
The flame wave engulfs the fungus!!
The fungus begins to die.
The flame wave engulfs the yak!
You kill the yak!
Vehumet accepts your kill.
You feel your power returning.
The flame wave engulfs the water moccasin. (Press . to intensify the flame waves.)
The water moccasin completely misses you.
The yak is engulfed in calcifying dust.
The yak is moving more slowly. 😮 HP[+1] MP[-1]
You lost 1 mp, and now have 19/34 mp.
A wave of flame ripples out!
The flame wave engulfs the fungus!
The flame wave engulfs the yak!!
The flame wave engulfs the water moccasin!!
You hear a bellow!
The water moccasin completely misses you.
The water moccasin bites you but does no damage. 😮 MP[-1]
You lost 1 mp, and now have 18/34 mp.
A wave of flame ripples out!
The flame wave engulfs the fungus!
The flame wave engulfs the yak!!
You kill the yak!
Vehumet accepts your kill.
You feel your power returning.
The flame wave engulfs the water moccasin!
You kill the water moccasin!
Vehumet accepts your kill.
You feel your power returning.
The flame wave engulfs the plant!!
The plant begins to die.
The flame wave engulfs the plant!
The plant begins to die.
You finish channelling waves of flame.
You hear a bellow! x4; You hear a loud, deep croak! 😮 MP[+2]
You regained 2 mp, and now have 20/34 mp.
Casting: Flame Wave (safe; 1% risk of failure)
Confirm with . or Enter, or press ? or * to list all spells.
You feel a strong surge of power!
You conjure some foxfire!
The yak is engulfed in calcifying dust.
The yak stops moving altogether!
A nearby fungus withers and dies.
The foxfire hits the yak!
The foxfire hits the yak.
The yak is engulfed in calcifying dust. 😕 HP[+1]
Casting: Foxfire (safe; 1% risk of failure)
Confirm with . or Enter, or press ? or * to list all spells.
You feel a surge of power!
Flames lash the yak.
The yak's fire resistance burns away.
A nearby plant withers and dies. x2; The catoblepas gores you!!
* * * LOW HITPOINT WARNING * * *
😨 HP[-25] MP[-10]
You take 25 damage, and now have 28/70 hp.
MASSIVE DAMAGE!! (PAUSE)
You lost 10 mp, and now have 10/34 mp.
Casting: Scorch (safe; 1% risk of failure)
Confirm with . or Enter, or press ? or * to list all spells.
Casting: Starburst (dangerous; 6% risk of failure)
Press: ? - help, Dir - look around, f - activate You feel a strong surge of power!
The bolt of fire hits the catoblepas!!!
The bolt of fire hits the yak!!!
The yak is burned terribly!
You kill the yak!
Vehumet accepts your kill. The catoblepas misses you. 😨 MP[-6]
You lost 6 mp, and now have 4/34 mp.
Casting: Starburst (dangerous; 6% risk of failure)
Confirm with . or Enter, or press ? or * to list all spells.
You don't have enough magic to cast this spell.
Casting: Starburst (dangerous; 6% risk of failure)
Confirm with . or Enter, or press ? or * to list all spells.
You feel a surge of power!
Flames lash the catoblepas.
The catoblepas's fire resistance burns away.
The catoblepas breathes a plume of calcifying dust at you.
The blast of calcifying dust hits you!
* * * LOW HITPOINT WARNING * * *
You are engulfed in calcifying dust.
You are slowing down.
A bullfrog comes into view.
The catoblepas breathes a plume of calcifying dust at you.
The blast of calcifying dust hits you!
* * * LOW HITPOINT WARNING * * *
😱 HP[-12] MP[-2]
You take 12 damage, and now have 16/70 hp.
You lost 2 mp, and now have 2/34 mp.
Your limbs are stiffening. 😱 HP[+1]
Casting: Scorch (safe; 1% risk of failure)
Confirm with . or Enter, or press ? or * to list all spells.
You feel a strong surge of power!
You conjure some foxfire!
The bullfrog gives a loud, deep croak!
The catoblepas is no longer more vulnerable to fire.
The foxfire hits the bullfrog.
The catoblepas gores you.
* * * LOW HITPOINT WARNING * * *
The catoblepas gores you!!
You die...

Skill      XL: |  1  2  3  4  5  6  7  8  9 10 11 12 |
---------------+-------------------------------------+-----
Conjurations   | 2 3 4 5 8 10 12 13 | 13.4
Fire Magic     | 4 5 7 8 10 11 | 11.6
Spellcasting   | 3 4 5 6 7 8 |  8.8
Hexes          | 1 2 3 |  3.0
Fighting       | 3 6 |  6.1
Staves         | 2 5 |  5.0
Armour         | 3 |  3.0
Evocations     | 3 5 |  5.0
Dodging        | 4 5 |  5.0
Stealth        | |  2.0

Action                     |  1- 3 |  4- 6 |  7- 9 | 10-12 || total
---------------------------+-------+-------+-------+-------++-------
  Melee: Unarmed           |     5 |       |       |       ||     5
         Kick              |     2 |       |     2 |     7 ||    11
         Staff             |       |       |    14 |    20 ||    34
         Peck              |       |       |     2 |     6 ||     8
   Cast: Foxfire           |    56 |   139 |   117 |   162 ||   474
         Scorch            |       |     5 |    17 |    37 ||    59
         Inner Flame       |       |       |     2 |    16 ||    18
         Flame Wave        |       |       |     6 |    17 ||    23
         Starburst         |       |       |       |    10 ||    10
  Evoke: Wand              |       |     1 |       |       ||     1
    Use: Scroll            |       |     8 |     3 |    10 ||    21
         Potion            |       |       |     3 |     2 ||     5
 Armour: Robe              |     7 |    26 |    44 |   107 ||   184
  Dodge: Dodged            |    15 |    59 |   114 |   182 ||   370

Levels and vault maps discovered:
D:1:      noname_arrival_rooms_in_the_neighbourhood, layout_loops_corners
D:2:      layout_basic, uniq_natasha, uniq_jessica
D:3:      layout_basic, lemuel_doored_altar,
          hangedman_abyss_or_decor_lesser_grid
D:4:      layout_basic
D:5:      layout_basic, mainiacjoe_overflow_chevrons
D:6:      layout_basic, nicolae_overflow_quartered_altars, serial_shops, shop,
          nicolae_shop_window_shopping, shop, shop, shop
D:7:      layout_basic, lemuel_round_altar, minmay_temple_entry_fiery
D:8:      layout_rooms, erik_lair_orcish_takeover, patterned_corridor
D:9:      layout_basic, orc_0_dummy, uniq_prince_ribbit1
D:10:     layout_rooms, minmay_ruined_shrine
Temple:   regret_index_temple_waves
Lair:1:   layout_chaotic_city
Lair:2:   layout_gridlike, swamp_mist_pool, serial_bayou_shore_b,
          infiniplex_staircase_pool, grunt_megastairs_5, lemuel_fruit_fields,
          uniq_erica

Notes
Turn   | Place    | Note
-------+----------+-------------------------------------------
     0 | D:1      | kae the Tengu Fire Elementalist began the quest for the
                  | Orb.
     0 | D:1      | Reached XP level 1. HP: 10/10 MP: 4/4
     0 | D:1      | magus.rc [v1.11.3]
   310 | D:1      | Reached XP level 2. HP: 15/15 MP: 1/6
   312 | D:1      | Reached skill level 2 in Conjurations
  1169 | D:2      | Reached XP level 3. HP: 19/19 MP: 5/7
  1172 | D:2      | Learned a level 2 spell: Scorch
  1176 | D:2      | Learned a level 3 spell: Inner Flame
  1180 | D:2      | Noticed Natasha
  1184 | D:2      | Killed Natasha
  1185 | D:2      | Reached skill level 4 in Fire Magic
  1185 | D:2      | Reached XP level 4. HP: 24/24 MP: 1/9
  1622 | D:2      | Noticed Jessica
  1628 | D:2      | Killed Jessica
  1629 | D:2      | Reached skill level 3 in Conjurations
  1656 | D:2      | Noticed Natasha
  1667 | D:2      | Identified the +1 dagger "Viuprak" {spect, Dex+5}
  1681 | D:2      | Killed Natasha
  1682 | D:2      | Reached skill level 3 in Spellcasting
  1682 | D:2      | Reached skill level 1 in Hexes
  1682 | D:2      | Reached XP level 5. HP: 15/28 MP: 0/10
  2119 | D:2      | Noticed Natasha
  2140 | D:2      | Killed Natasha
  2732 | D:3      | You pick up a book of Spectacle and begin reading...
  2732 | D:3      | You add the spells Dazzling Flash, Starburst and Maxwell's
                  | Capacitive Coupling to your library.
  2794 | D:3      | Found a stormy altar of Qazlal.
  2994 | D:3      | Reached skill level 4 in Conjurations
  2994 | D:3      | Reached XP level 6. HP: 32/32 MP: 3/12
  3800 | D:4      | You pick up a book of Frost and begin reading...
  3800 | D:4      | You add the spells Freeze, Frozen Ramparts and Hailstorm to
                  | your library.
  4169 | D:4      | You pick up a book of Annihilations and begin reading...
  4169 | D:4      | You add the spells Chain Lightning, Fire Storm and Shatter
                  | to your library.
  4322 | D:4      | Learned a level 4 spell: Flame Wave
  4375 | D:5      | Entered Level 5 of the Dungeon
  4424 | D:5      | Reached skill level 4 in Spellcasting
  4424 | D:5      | Reached skill level 2 in Hexes
  4424 | D:5      | Reached skill level 5 in Fire Magic
  4493 | D:5      | Reached skill level 5 in Conjurations
  4493 | D:5      | Gained mutation: Your magical flight helps you evade
                  | attacks. (EV +4) [Tengu growth]
  4493 | D:5      | Reached XP level 7. HP: 36/36 MP: 14/14
  4764 | D:5      | Reached skill level 3 in Hexes
  4795 | D:5      | Found an ancient bone altar of Kikubaaqudgha.
  4921 | D:5      | Reached skill level 5 in Spellcasting
  4921 | D:5      | Reached skill level 1 in Fighting
  4989 | D:5      | Reached skill level 2 in Fighting
  5037 | D:5      | Reached skill level 3 in Fighting
  5037 | D:5      | Reached XP level 8. HP: 46/46 MP: 16/16
  5462 | D:5      | Reached skill level 4 in Fighting
  5535 | D:5      | Noticed a yak
  5757 | D:5      | Noticed a yak
  5926 | D:6      | Reached skill level 5 in Fighting
  5994 | D:6      | Reached skill level 6 in Fighting
  6070 | D:6      | Found Wuic's Antique Weapon Shoppe.
  6081 | D:6      | Reached skill level 1 in Staves
  6084 | D:6      | Reached skill level 2 in Staves
  6148 | D:6      | Found a hazy altar of Hepliaklqana.
  6158 | D:6      | Found a white marble altar of Elyvilon.
  6192 | D:6      | Learned a level 6 spell: Starburst
  6249 | D:6      | Found Kesar's General Store.
  6343 | D:6      | Found Zihar's Book Shop.
  6401 | D:6      | Found Lariorr's Jewellery Shop.
  6415 | D:6      | Reached XP level 9. HP: 20/55 MP: 3/17
  6415 | D:6      | HP: 12/55 [gnoll/+0 halberd[a gnoll bouda] (8)]
  6437 | D:6      | Reached skill level 3 in Staves
  6652 | D:6      | Found a glowing golden altar of the Shining One.
  6664 | D:6      | Found a sacrificial altar of Ru.
  6699 | D:6      | Found Umuulu's Book Shoppe.
  7036 | D:7      | Found a hide-covered altar of Uskayaw.
  7145 | D:7      | You are sucked into a shaft and drop 1 floor!
  7164 | D:8      | Reached skill level 6 in Conjurations
  7166 | D:8      | Reached skill level 6 in Fire Magic
  7178 | D:8      | Reached skill level 4 in Staves
  7182 | D:8      | Reached skill level 7 in Conjurations
  7187 | D:8      | HP: 11/55 [wight/+0 scimitar (14)]
  7190 | D:8      | HP: 4/54 [wight/+0 scimitar (2)]
  7328 | D:8      | Reached skill level 5 in Staves
  7334 | D:8      | Reached skill level 7 in Fire Magic
  7359 | D:7      | Reached skill level 8 in Conjurations
  7508 | D:8      | Reached XP level 10. HP: 20/60 MP: 3/18
  7786 | D:8      | Identified the +3 ring mail of the Crushed Bounties {Harm
                  | +Inv rCorr}
  7794 | D:8      | You pick up a book of the Spheres and begin reading...
  7794 | D:8      | You add the spells Iskenderun's Battlesphere, Fireball,
                  | Conjure Ball Lightning and Orb of Destruction to your
                  | library.
  7907 | D:8      | Found a staircase to the Lair.
  7917 | D:8      | Reached skill level 9 in Conjurations
  7917 | D:8      | Reached skill level 8 in Fire Magic
  8583 | D:9      | Identified the +0 robe of Aranisit {rC+ Str+3 Slay+3}
  8601 | D:9      | Found a staircase to the Orcish Mines.
  8666 | D:9      | Reached skill level 1 in Armour
  8702 | D:9      | Reached skill level 1 in Evocations
  8712 | D:9      | Noticed Prince Ribbit
  8718 | D:9      | Killed Prince Ribbit
  9348 | D:7      | Found a staircase to the Ecumenical Temple.
  9354 | D:7      | Reached skill level 3 in Dodging
  9355 | D:7      | Reached skill level 2 in Armour
  9355 | D:7      | Reached skill level 2 in Evocations
  9679 | Temple   | Entered the Ecumenical Temple
  9737 | Temple   | Became a worshipper of Vehumet
  9797 | D:7      | Identified a scroll of acquirement
  9797 | D:7      | Acquired 719 gold pieces
  9963 | D:10     | Entered Level 10 of the Dungeon
  9973 | D:10     | Reached skill level 3 in Armour
  9983 | D:10     | Reached skill level 4 in Dodging
  9983 | D:10     | Reached skill level 10 in Conjurations
  9991 | D:10     | Noticed a gargoyle
 10128 | D:10     | Killed a gargoyle
 10129 | D:10     | Reached skill level 3 in Evocations
 10282 | D:10     | Reached skill level 6 in Spellcasting
 10282 | D:10     | Reached XP level 11. HP: 36/64 MP: 10/21
 10432 | D:10     | Reached skill level 9 in Fire Magic
 10446 | D:10     | Noticed a two-headed ogre
 10619 | D:9      | Killed a two-headed ogre
 10620 | D:9      | Reached skill level 5 in Dodging
 10764 | D:10     | Noticed a cyclops
 10781 | D:10     | Killed a cyclops
 10781 | D:10     | Reached * piety under Vehumet
 10781 | D:10     | Offered knowledge of Magic Dart by Vehumet.
 10782 | D:10     | Reached skill level 4 in Evocations
 10910 | D:10     | Found a basalt altar of Yredelemnul.
 11195 | D:10     | Reached skill level 11 in Conjurations
 11560 | Lair:1   | Entered Level 1 of the Lair of Beasts
 11764 | Lair:1   | Noticed a death yak
 11774 | Lair:1   | Noticed a death yak
 11827 | Lair:1   | Reached skill level 7 in Spellcasting
 11827 | Lair:1   | Reached skill level 5 in Evocations
 11842 | Lair:1   | HP: 3/64 [cane toad (15)]
 11849 | Lair:1   | Reached skill level 10 in Fire Magic
 11852 | Lair:1   | HP: 13/64 [bullfrog (7)]
 11852 | Lair:1   | HP: 6/64 [bullfrog (7)]
 12267 | Lair:1   | Noticed a death yak
 12294 | Lair:1   | Killed a death yak
 12366 | Lair:1   | Noticed a death yak
 12366 | Lair:1   | Noticed a death yak
 12382 | Lair:1   | Killed a death yak
 12383 | Lair:1   | Reached skill level 12 in Conjurations
 12383 | Lair:1   | Reached XP level 12. HP: 53/70 MP: 11/24
 12384 | Lair:1   | Noticed a death yak
 12447 | Lair:1   | Killed a death yak
 12611 | Lair:1   | Killed a death yak
 12612 | Lair:1   | Killed a death yak
 12612 | Lair:1   | Killed a death yak
 12613 | Lair:1   | Reached skill level 8 in Spellcasting
 12613 | Lair:1   | Reached skill level 11 in Fire Magic
 13145 | Lair:2   | Reached ** piety under Vehumet
 13145 | Lair:2   | Offered knowledge of Searing Ray by Vehumet.
 13242 | Lair:2   | Reached skill level 13 in Conjurations
 13373 | Lair:2   | Found a staircase to the Swamp.
 13581 | Lair:2   | Noticed a catoblepas
 13594 | Lair:2   | HP: 16/70 [catoblepas/blast of calcifying dust (4)]
 13596 | Lair:2   | Slain by a catoblepas

Vanquished Creatures
  6 death yaks (Lair:1)
  A two-headed ogre (D:9)
  A cyclops (D:10)
  2 gargoyles (D:10)
  4 cane toads
  A komodo dragon (Lair:1)
  An unseen horror (D:10)
  Prince Ribbit (D:9)
  5 blink frogs (Lair:2)
  A wraith (D:8)
  2 wyverns
  31 yaks
  2 basilisks
  A vampire mosquito (D:10)
  3 wargs
  8 water moccasins
  4 orc warriors
  3 ice beasts
  2 ogres
  10 wolves (Lair:2)
  5 centaurs
  2 phantoms (D:5)
  2 kobold brigands (D:8)
  4 bullfrogs
  2 scorpions (D:5)
  16 wights
  5 killer bees (D:10)
  4 howler monkeys
  A hound (D:4)
  2 jellies
  12 orc priests
  A gnoll bouda (D:6)
  Jessica (D:2)
  An iguana (D:4)
  A sleepcap (D:5)
  Natasha (thrice) (D:2)
  10 orc wizards
  8 gnolls
  11 adders
  A white imp (D:7)
  An ufetubus (D:4)
  A worm (D:2)
  4 dart slugs
  34 orcs
  4 endoplasms
  5 giant cockroaches
  10 goblins
  7 hobgoblins
  11 kobolds
  6 quokkas
  7 ball pythons
  6 bats
  8 frilled lizards
  3 rats
288 creatures vanquished.

Vanquished Creatures (collateral kills)
  An iguana (D:6)
  3 foxfires (D:5)
4 creatures vanquished.

Vanquished Creatures (others)
  796 foxfires
796 creatures vanquished.

Grand Total: 1088 creatures vanquished

Table legend:
 A = Non-vault XP
 B = Vault XP
 C = Vault XP percentage of total XP
 D = Non-vault monster count
 E = Vault monster count
 F = Vault count percentage of total count
                 A         B        C        D         E       F
            +---------+---------+-------+---------+---------+-------
      Total |   23030 |    4447 |  16.2 |     261 |      28 |   9.7
            +---------+---------+-------+---------+---------+-------
        D:1 |      33 |       0 |   0.0 |      22 |       0 |   0.0
        D:2 |     124 |      72 |  36.7 |      20 |       2 |   9.1
        D:3 |     102 |       0 |   0.0 |      21 |       0 |   0.0
        D:4 |     180 |       0 |   0.0 |      20 |       0 |   0.0
        D:5 |    1070 |       0 |   0.0 |      21 |       0 |   0.0
        D:6 |     953 |       0 |   0.0 |      20 |       0 |   0.0
        D:7 |    1500 |     178 |  10.6 |      18 |       1 |   5.3
        D:8 |    1676 |     455 |  21.4 |      34 |       7 |  17.1
        D:9 |     719 |    1286 |  64.1 |      16 |       3 |  15.8
       D:10 |    3486 |    1839 |  34.5 |      23 |      10 |  30.3
     Lair:1 |    8637 |       0 |   0.0 |      22 |       0 |   0.0
     Lair:2 |    4550 |     617 |  11.9 |      24 |       5 |  17.2
            +---------+---------+-------+---------+---------+-------

Skill      XL: |  1  2  3  4  5  6  7  8  9 10 11 12 |
---------------+-------------------------------------+-----
Conjurations   | 2 3 4 5 8 10 12 13 | 13.4
Fire Magic     | 4 5 7 8 10 11 | 11.6
Spellcasting   | 3 4 5 6 7 8 |  8.8
Hexes          | 1 2 3 |  3.0
Fighting       | 3 6 |  6.1
Staves         | 2 5 |  5.0
Armour         | 3 |  3.0
Evocations     | 3 5 |  5.0
Dodging        | 4 5 |  5.0
Stealth        | |  2.0

Action                     |  1- 3 |  4- 6 |  7- 9 | 10-12 || total
---------------------------+-------+-------+-------+-------++-------
  Melee: Unarmed           |     5 |       |       |       ||     5
         Kick              |     2 |       |     2 |     7 ||    11
         Staff             |       |       |    14 |    20 ||    34
         Peck              |       |       |     2 |     6 ||     8
   Cast: Foxfire           |    56 |   139 |   117 |   162 ||   474
         Scorch            |       |     5 |    17 |    37 ||    59
         Inner Flame       |       |       |     2 |    16 ||    18
         Flame Wave        |       |       |     6 |    17 ||    23
         Starburst         |       |       |       |    10 ||    10
  Evoke: Wand              |       |     1 |       |       ||     1
    Use: Scroll            |       |     8 |     3 |    10 ||    21
         Potion            |       |       |     3 |     2 ||     5
 Armour: Robe              |     7 |    26 |    44 |   107 ||   184
  Dodge: Dodged            |    15 |    59 |   114 |   182 ||   370

Illustrated notes

Table legend:
 A = Kills in this place as a percentage of kills in the entire game.
 B = Kills by you in this place as a percentage of kills by you in the entire game.
 C = Kills by friends in this place as a percentage of kills by friends in the entire game.
 D = Other kills in this place as a percentage of other kills in the entire game.
 E = Experience gained in this place as a percentage of experience gained in the entire game.
 F = Experience gained in this place divided by the number of levels of this place that you have seen.
                   A       B       C       D       E      F
               +-------+-------+-------+-------+-------+----------------------
         Total | 100.0 | 100.0 | 100.0 |   N/A | 100.0 | 2113.6
       Dungeon |  82.4 |  82.3 | 100.0 |   N/A |  49.8 | 1367.3
          Lair |  17.6 |  17.7 |   0.0 |   N/A |  50.2 | 6902.0
               +-------+-------+-------+-------+-------+----------------------

Table legend: (Time is in decaauts)
 A = Elapsed time spent in this place.
 B = Non-inter-level travel time spent in this place.
 C = Inter-level travel time spent in this place.
 D = Time resting spent in this place.
 E = Time spent auto-exploring this place.
 F = Levels seen in this place.
 G = Mean time per level.
                   A        B        C        D        E       F      G
               +--------+--------+--------+--------+--------+-----+--------+
         Total |  13586 |  12703 |    883 |   1103 |   9650 |  13 | 1045.1 |
       Dungeon |  11564 |  10830 |    734 |    887 |   8388 |  10 | 1156.4 |
        Temple |    116 |      1 |    115 |      0 |      0 |   1 |  116.0 |
          Lair |   1905 |   1872 |     33 |    216 |   1262 |   2 |  952.5 |
               +--------+--------+--------+--------+--------+-----+--------+

Top non-repeatable levels by time:
  Lair:1: 1518 daAuts
     D:5: 1420 daAuts
    D:10: 1254 daAuts
     D:7: 1208 daAuts
     D:6: 1175 daAuts
     D:9: 1169 daAuts
     D:1: 1166 daAuts
     D:2: 1162 daAuts
     D:3: 1048 daAuts
     D:4: 996 daAuts
     D:8: 962 daAuts
  Lair:2: 386 daAuts
  Temple: 116 daAuts
